 Dungeon Crawl Stone Soup version 0.31-a0-851-g7ff8af7976 (webtiles) character file.

Game seed: 15855557077766820973

8330 Lugonue the Thaumaturge (level 10, -3/83 HPs)
             Began as a Demigod Venom Mage on Oct 6, 2023.
             Slain by a slime creature (15 damage)
             ... on level 10 of the Dungeon on Oct 7, 2023.
             The game lasted 00:36:34 (12264 turns).

Lugonue the Thaumaturge (Demigod Venom Mage)       Turns: 12264, Time: 00:36:36

Health: -3/83      AC:  7    Str: 17    XL:     10   Next: 82%
Magic:  20/26      EV: 14    Int: 27    God:
Gold:   474        SH:  0    Dex: 20    Spells: 12/25 levels left

rFire   . . .        J - +2 falchion (holy)
rCold   . . .        H - orb {*channel}
rNeg    . . .        y - +0 steam dragon scales
rPois   .            (no helmet)
rElec   .            s - +0 cloak
rCorr   .            (no gloves)
SInv    .            (no boots)
Will    +....        g - amulet of the acrobat
Stlth   +++          e - +6 ring of dexterity
HPRegen 0.33/turn    A - +6 ring of intelligence
MPRegen 0.20/turn

%: acrobat, channel magic (20%)
@: no status effects
A: high MP 1, forlorn, divine attributes
a: no special abilities


You were on level 10 of the Dungeon.
You visited 2 branches of the dungeon, and saw 11 of its levels.

You collected 474 gold pieces.

Inventory:

Hand Weapons
 m - a +0 short sword of speed
 B - a +2 dagger of holy wrath
 G - a +2 trident of draining
 J - a +2 falchion of holy wrath (weapon)
Missiles
 c - 34 poisoned darts
Armour
 s - a +0 cloak (worn)
 y - +0 steam dragon scales (worn)
 H - an orb of energy (worn)
Magical Staves
 a - a staff of death
Jewellery
 e - a +6 ring of dexterity (left hand)
 g - an amulet of the acrobat (around neck)
 x - a ring of protection from fire
 A - a +6 ring of intelligence (right hand)
Talismans
 l - a beast talisman
Wands
 n - a wand of polymorph (6)
 q - a wand of flame (6)
Scrolls
 d - 4 scrolls of enchant armour
 v - 3 scrolls of vulnerability
 C - 3 scrolls of amnesia
 D - 3 scrolls of identify
 E - a scroll of torment {unknown}
 K - a scroll of enchant weapon {unknown}
Potions
 b - 2 potions of magic
 f - a potion of ambrosia
 h - a potion of attraction
 i - a potion of haste {unknown}
 j - a potion of invisibility {unknown}
 k - a potion of enlightenment
 p - 5 potions of curing
 r - 4 potions of brilliance
 t - a potion of resistance {unknown}
 u - a potion of berserk rage {unknown}
 z - 2 potions of cancellation
 F - a potion of mutation {unknown}
 I - a potion of might {unknown}


   Skills:
 + Level 5.8 Fighting
 + Level 3.8 Short Blades
 - Level 0.5 Maces & Flails
 + Level 5.9 Armour
 + Level 4.0 Dodging
 - Level 3.4 Stealth
 - Level 8.2 Spellcasting
 - Level 3.2 Transmutations
 - Level 1.3 Fire Magic
 - Level 3.3 Air Magic
 - Level 5.9 Poison Magic
 - Level 2.5 Evocations


You had 12 spell levels left.
You knew the following spells:

 Your Spells              Type           Power      Damage    Failure   Level
a - Sting                 Tmut/Pois      100%       1d8       4%          1
b - Poisonous Vapours     Pois/Air       72%        N/A       5%          2
c - Mephitic Cloud        Conj/Pois/Air  27%        N/A       13%         3
d - Olgreb's Toxic Radia  Pois           43%        N/A       13%         4
e - Ignite Poison         Fire/Tmut/Pois 30%        N/A       12%         3

Your spell library contained the following spells:

 Spells                   Type           Power      Damage    Failure   Level
 Wereblood                Tmut           28%        N/A       8%          2
 Cigotuvi's Dreadful Rot  Necr/Pois/Air  54%        N/A       9%          2
 Foxfire                  Conj/Fire      56%        2x1d6     13%         1
 Magic Dart               Conj           44%        1d5       16%         1
 Summon Small Mammal      Summ           44%        N/A       16%         1
 Searing Ray              Conj           22%        2d5       21%         2
 Call Canine Familiar     Summ           11%        N/A       34%         3
 Ozocubu's Armour         Ice            11%        N/A       34%         3
 Summon Guardian Golem    Hex/Summ       11%        N/A       34%         3
 Fulminant Prism          Conj/Hex       5%         3d7       67%         4
 Irradiate                Conj/Tmut      9%         3d14      78%         5
 Freezing Cloud           Conj/Ice/Air   8%         6-21      83%         5
 Plasma Beam              Fire/Air       11%        2x1d22    99%         6
 Starburst                Conj/Fire      7%         6d4       100%        6
 Ozocubu's Refrigeration  Ice            5%         4d8       100%        7


Dungeon Overview and Level Annotations

Branches:
Dungeon (10/15)            Temple (1/1) D:5            Lair (0/5) D:8
    Orc: D:9-12


Innate Abilities, Weirdness & Mutations

You have an increased reservoir of magic. (+10% MP)
You shall have no god before yourself.
Your divine heritage dramatically boosts your attributes as you level up.


Message History

Magical energy flows into your mind! The slime creature misses you.
Casting: Sting (safe; 4% risk of failure)
Confirm with . or Enter, or press ? or * to list all spells.
Aiming: Sting (safe; 4% risk of failure)
Press: ? - help, Shift-Dir - straight line, f/p - slime creature
Aim: a slime creature (severely wounded, 95% to hit)
The sting hits the slime creature.
The slime creature partially resists.
The slime creature is severely wounded.
Magical energy flows into your mind! The slime creature misses you.
Press: ? - help, v - describe, . - travel
Here: a slime creature (severely wounded)
The floor.
Casting: Sting (safe; 4% risk of failure)
Confirm with . or Enter, or press ? or * to list all spells.
Aiming: Sting (safe; 4% risk of failure)
Press: ? - help, Shift-Dir - straight line, f/p - slime creature
Aim: a slime creature (severely wounded, 95% to hit)
The sting hits the slime creature.
The slime creature is poisoned.
The slime creature is severely wounded.
The slime creature hits you!
* * * LOW HITPOINT WARNING * * *
Casting: Sting (safe; 4% risk of failure)
Confirm with . or Enter, or press ? or * to list all spells.
You ignite the poison in your surroundings!
The slime creature seems to burn from within!!
The slime creature is almost dead.
The slime creature hits you but does no damage.
You feel better. The slime creature closely misses you.
Casting: Ignite Poison (dangerous; 12% risk of failure)
Confirm with . or Enter, or press ? or * to list all spells.
Aiming: Sting (safe; 4% risk of failure)
Press: ? - help, Shift-Dir - straight line, f/p - slime creature
Aim: a slime creature (almost dead, 95% to hit)
The sting hits the slime creature but does no damage.
The slime creature is poisoned.
The slime creature is almost dead.
The slime creature hits you!
* * * LOW HITPOINT WARNING * * *
You feel better. The slime creature hits you!
You die...

........)..# #.#..#.....
...........# #.#....#..#
...........## #......#..#
.÷.÷.......>### #..........
#.............## ##.##...#...
##.##.###.###..## #...........
#.##.......##..# #...........
#.######......J### ##...........
##.#########....@.###.........<..
..........#####.................#
..........# #.>.#...##.###.#...
...P_.....#####.#.#......(.......
.....P....#.............##.......
...).)......###.##.....###.###...
......)...###..............# #...
.....)[...# #..........##.####.<#
......(...# #...............##..#


You could see a slime creature (poisoned).

Vanquished Creatures
  A boulder beetle (D:10)
  A kobold demonologist (D:10)
  Jeremiah (D:9)
  Maggie (D:9)
  A troll (D:9)
  2 polar bears (D:10)
  Grinder (D:3)
  3 slime creatures (D:10)
  Sigmund (D:4)
  A wraith (D:10)
  10 yaks
  2 steam dragons
  2 vampire mosquitoes (D:9)
  2 acid dragons (D:9)
  A water moccasin (D:7)
  4 ice beasts
  A black bear (D:4)
  An orc warrior (D:9)
  A sky beast (D:5)
  An ogre (D:5)
  4 centaurs
  5 kobold brigands
  3 bullfrogs
  A scorpion (D:6)
  4 wights (D:7)
  8 killer bees (D:8)
  2 howler monkeys
  A crimson imp (D:3)
  2 hounds
  2 jellies (D:6)
  3 orc priests
  A sleepcap (D:7)
  9 orc wizards
  7 gnolls
  7 adders
  A shadow imp (D:8)
  A white imp (D:7)
  3 worms
  3 dart slugs
  18 orcs
  3 ball pythons
  3 endoplasms
  4 giant cockroaches
  5 hobgoblins
  3 jackals (D:2)
  5 quokkas
  7 bats
  3 frilled lizards
  3 goblins
  2 goblin skeletons (D:3)
  3 hobgoblin zombies (D:3)
  12 kobolds
  A kobold zombie (D:3)
  3 orc skeletons (D:3)
  4 rats
184 creatures vanquished.

Vanquished Creatures (others)
  A white imp (D:8)
1 creature vanquished.

Grand Total: 185 creatures vanquished

Notes
Turn   | Place    | Note
-------+----------+-------------------------------------------
     0 | D:1      | Lugonue the Demigod Venom Mage began the quest for the Orb.
     0 | D:1      | Reached XP level 1. HP: 14/14 MP: 5/5
   371 | D:1      | Reached XP level 2. HP: 17/20 MP: 7/7
  1167 | D:2      | Learned a level 2 spell: Poisonous Vapours
  1264 | D:2      | Reached XP level 3. HP: 19/26 MP: 1/8
  1272 | D:2      | Reached skill level 2 in Spellcasting
  1306 | D:2      | Reached skill level 1 in Armour
  1566 | D:2      | Reached skill level 1 in Transmutations
  1789 | D:3      | Reached XP level 4. HP: 33/33 MP: 9/9
  1999 | D:3      | Noticed Grinder
  2014 | D:3      | Paralysed by Grinder for 3 turns
  2366 | D:3      | Reached skill level 1 in Short Blades
  2759 | D:3      | Reached XP level 5. HP: 27/39 MP: 2/11
  3218 | D:3      | Paralysed by Grinder for 4 turns
  3247 | D:3      | Killed Grinder
  3248 | D:3      | Reached skill level 1 in Fighting
  3248 | D:3      | Reached XP level 6. HP: 23/47 MP: 1/13
  3380 | D:4      | Reached skill level 3 in Spellcasting
  3385 | D:4      | Learned a level 3 spell: Mephitic Cloud
  3390 | D:4      | Learned a level 4 spell: Olgreb's Toxic Radiance
  3762 | D:4      | Noticed Sigmund
  4068 | D:5      | Entered Level 5 of the Dungeon
  4206 | D:4      | Killed Sigmund
  4207 | D:4      | Reached XP level 7. HP: 33/53 MP: 1/15
  4530 | D:5      | Reached skill level 1 in Air Magic
  4694 | D:5      | Reached skill level 4 in Spellcasting
  4694 | D:5      | Reached skill level 5 in Poison Magic
  4730 | D:5      | Found a staircase to the Ecumenical Temple.
  5377 | Temple   | Entered the Ecumenical Temple
  5576 | D:5      | Reached XP level 8. HP: 35/62 MP: 10/17
  6665 | D:7      | Learned a level 3 spell: Ignite Poison
  6815 | D:7      | Reached skill level 5 in Spellcasting
  7390 | D:7      | Reached skill level 1 in Evocations
  7512 | D:8      | Reached XP level 9. HP: 64/71 MP: 11/20
  7841 | D:8      | Found a staircase to the Lair.
  8755 | D:9      | Reached skill level 6 in Spellcasting
  8984 | D:9      | Reached skill level 5 in Armour
  8984 | D:9      | Reached skill level 7 in Spellcasting
  9203 | D:9      | Noticed Maggie
  9214 | D:9      | Killed Maggie
  9215 | D:9      | Reached XP level 10. HP: 66/80 MP: 12/24
  9738 | D:9      | Noticed Jeremiah
  9743 | D:9      | Killed Jeremiah
  9744 | D:9      | Reached skill level 1 in Fire Magic
  9889 | D:10     | Entered Level 10 of the Dungeon
  9906 | D:9      | Reached skill level 5 in Fighting
 10848 | D:10     | Noticed a boulder beetle
 10858 | D:10     | Killed a boulder beetle
 11335 | D:10     | Reached skill level 8 in Spellcasting
 12263 | D:10     | HP: 3/83 [slime creature (12)]
 12264 | D:10     | Slain by a slime creature

Illustrated notes

Levels and vault maps discovered:
D:1:      lightli_iron_boxes, layout_rooms, minmay_misc_feat_room, st_stairs_11,
          minmay_misc_feat_hallway, minmay_hedge_maze
D:2:      layout_basic, serial_co_window_serial, co_window_of_opportunity_a,
          co_window_of_opportunity_a, co_window_paths_a, co_window_paths_a,
          co_window_paths_b, co_window_paths_a, co_window_broadway_c,
          co_window_corner_b, co_window_of_opportunity_c, glass_columns_c,
          glass_columns_c, glass_columns_b, glass_columns_c, glass_columns_c,
          minivault_5, minmay_cupped
D:3:      layout_loops_ring, nicolae_tso_besieged_by_evil,
          mainiacjoe_overflow_brackets, uniq_grinder
D:4:      layout_rooms, amethyst_overflow_temple_binary,
          nicolae_ru_awakened_eye, sigmund_edmund_badplayer
D:5:      layout_layer_cave, old_standard_altar, minmay_temple_entry_slanted,
          uniq_sigmund
D:6:      layout_rooms
D:7:      layout_cave_pools
D:8:      layout_basic, lair_entry_dummy
D:9:      hellmonk_destroyed_diamonds, layout_stronghold, minmay_circle_x,
          uniq_maggie, uniq_jeremiah
D:10:     layout_rooms, trog_ov_bears_minmay
Temple:   hellmonk_temple_two_chambers

Skill      XL: |  1  2  3  4  5  6  7  8  9 10 |
---------------+-------------------------------+-----
Poison Magic   | 3 4 5 |  5.9
Stealth        | 2 3 |  3.4
Dodging        | 2 3 4 |  4.0
Spellcasting   | 2 3 4 5 7 8 |  8.2
Armour         | 1 2 3 4 5 |  5.9
Transmutations | 1 2 3 |  3.2
Short Blades   | 1 2 3 |  3.8
Fighting       | 1 2 3 4 5 |  5.8
Air Magic      | 1 3 |  3.3
Evocations     | 1 2 |  2.5
Fire Magic     | 1 |  1.3
Maces & Flails | |  0.5

Action                     |  1- 3 |  4- 6 |  7- 9 | 10-12 || total
---------------------------+-------+-------+-------+-------++-------
  Melee: Whip              |    26 |       |       |       ||    26
         Short sword       |    91 |   195 |   157 |       ||   443
         Punch             |     1 |     3 |     2 |       ||     6
         Unarmed           |       |     4 |       |       ||     4
         Dagger            |       |       |    54 |    46 ||   100
         Falchion          |       |       |       |    21 ||    21
   Cast: Sting             |    12 |    43 |    62 |    14 ||   131
         Poisonous Vapours |     3 |    25 |    46 |     9 ||    83
         Ignite Poison     |       |       |    11 |    16 ||    27
         Olgreb's Toxic Ra |       |       |    13 |     9 ||    22
         Mephitic Cloud    |       |       |       |     3 ||     3
Ability: Begin Untransform |       |     1 |       |       ||     1
  Evoke: Wand              |       |       |    38 |    17 ||    55
    Use: Scroll            |     1 |    13 |     8 |     3 ||    25
         Potion            |       |     1 |       |     4 ||     5
   Stab: Sleeping          |     2 |     5 |     4 |       ||    11
 Armour: Robe              |     7 |       |       |       ||     7
         Leather armour    |    53 |    75 |    69 |       ||   197
         Skin              |       |     1 |       |       ||     1
         Steam dragon scal |       |       |    54 |    98 ||   152
  Dodge: Dodged            |    91 |    91 |   136 |   110 ||   428
   Form: Beast             |       |     1 |       |       ||     1

Table legend: (Time is in decaauts)
 A = Elapsed time spent in this place.
 B = Non-inter-level travel time spent in this place.
 C = Inter-level travel time spent in this place.
 D = Time resting spent in this place.
 E = Time spent auto-exploring this place.
 F = Levels seen in this place.
 G = Mean time per level.
                   A        B        C        D        E       F      G
               +--------+--------+--------+--------+--------+-----+--------+
         Total |  12115 |  11600 |    515 |   2352 |   6584 |  11 | 1101.4 |
       Dungeon |  12113 |  11598 |    515 |   2352 |   6584 |  10 | 1211.3 |
        Temple |      1 |      1 |      0 |      0 |      0 |   1 |    1.0 |
               +--------+--------+--------+--------+--------+-----+--------+

Top non-repeatable levels by time:
     D:9: 2366 daAuts
     D:2: 1464 daAuts
    D:10: 1416 daAuts
     D:3: 1248 daAuts
     D:7: 1163 daAuts
     D:5: 1144 daAuts
     D:8: 1015 daAuts
     D:4: 981 daAuts
     D:6: 785 daAuts
     D:1: 526 daAuts
  Temple: 1 daAuts
